 Dungeon Crawl Stone Soup version 0.31-a0-188-g5e087ee2ca (webtiles) character file.

Game seed: 349382920280307203

62 qw the Shooter (level 3, -7/20 HPs)
             Began as a Deep Elf Hunter on June 22, 2023.
             Mangled by Sigmund
             ... wielding a +0 scythe
              (9 damage)
             ... on level 3 of the Dungeon.
             The game lasted 00:00:32 (1613 turns).

qw the Shooter (Deep Elf Hunter)                    Turns: 1613, Time: 00:00:33

Health: -7/20      AC:  6    Str: 10    XL:     3   Next: 85%
Magic:  5/5        EV: 11    Int: 13    God:
Gold:   147        SH:  0    Dex: 18    Spells: 2/2 levels left

rFire   . . .        Y - +1 shortbow
rCold   . . .        (shield currently unavailable)
rNeg    . . .        e - +0 ring mail
rPois   .            g - +0 helmet
rElec   .            (no cloak)
rCorr   .            (no gloves)
SInv    .            (no boots)
Will    .....        (no amulet)
Stlth   +            (no ring)
HPRegen 0.23/turn    (no ring)
MPRegen 0.09/turn

%: no passive effects
@: no status effects
A: no striking features
a: no special abilities


You were on level 3 of the Dungeon.
You visited 1 branch of the dungeon, and saw 3 of its levels.

You collected 147 gold pieces.


   Skills:
 - Level 1.5 Fighting
 + Level 7.3 Ranged Weapons
 - Level 2.4 Dodging
 - Level 1.2 Stealth


You had 2 spell levels left.
You didn't know any spells.
Your spell library was empty.

Inventory:

Hand Weapons
 Y - a +1 shortbow (weapon)
Armour
 e - a +0 ring mail (worn)
 g - a +0 helmet (worn)
Scrolls
 a - a scroll of teleportation
Potions
 b - a potion of curing {unknown}
 c - a potion of heal wounds {unknown}
 d - a potion of invisibility {unknown}
 f - a potion of cancellation {unknown}

Dungeon Overview and Level Annotations

Branches:
Dungeon (3/15)

Altars:

Annotations:
D:3 Sigmund


Message History

Enter note: You shoot an arrow.
The arrow hits the rat.
You kill the rat!
a - a scroll of teleportation
Enter note:
Enter note:
Enter note:
Enter note: Sigmund the Dreaded comes into view.
He is wielding a +0 scythe.
Sigmund shouts!
Enter note:
Enter note:
Enter note:
Enter note: You shoot an arrow.
The arrow hits Sigmund.
Sigmund is lightly wounded.
Enter note:
Enter note:
Enter note:
Enter note: You shoot an arrow.
The arrow hits Sigmund.
Sigmund is lightly wounded.
Sigmund points at you and mumbles some strange words.
The puff of flame hits you.
You shoot an arrow. The arrow hits Sigmund.
Sigmund is lightly wounded.
You shoot an arrow. The arrow hits Sigmund!
Sigmund is heavily wounded.
You shoot an arrow. The arrow hits Sigmund.
Sigmund is heavily wounded.
Sigmund mumbles some strange words.
Sigmund flickers and vanishes!
Deactivating autopickup; reactivate with Ctrl-A.
Something hits you.
You shoot an arrow. You shoot an arrow. Something hits you!
You shoot an arrow. Something hits you!
You die...

P.....#.######...#
P.....#..........#
).+##.########.#.#
.#.##............#
##.##.#######.####
##............######
###########.........
..###################
#
#.#..........@.......
#.#.####.####.####.##
#.# #.# +{+ #.#. #.#
#.#
####<#.##+#.##+#.##
.....#.............
.....#.##+#.##+#.##
.....#.#..#.#..#.#
.....#.#..'.'..#


There were no monsters in sight!

Vanquished Creatures
  An adder (D:2)
  A dart slug (D:3)
  3 ball pythons
  2 endoplasms
  8 giant cockroaches
  5 goblins
  4 hobgoblins
  7 jackals
  3 bats (D:1)
  3 frilled lizards
  3 kobolds
  4 rats
44 creatures vanquished.

Notes
Turn   | Place    | Note
-------+----------+-------------------------------------------
     0 | D:1      | qw the Deep Elf Hunter began the quest for the Orb.
     0 | D:1      | Reached XP level 1. HP: 12/12 MP: 3/3
     0 | D:1      | 0 ||| qw: Version: 0.3-a-9-g12657ce
     0 | D:1      | 0 ||| qw: Game counter: 2866
     0 | D:1      | 0 ||| qw: Always use a shield: true
     0 | D:1      | 0 ||| qw: God list: Okawaru
     0 | D:1      | 0 ||| qw: Allow faded altars: false
     0 | D:1      | 0 ||| qw: Do Orc after D:15 true
     0 | D:1      | 0 ||| qw: Do second Lair branch before Depths: true
     0 | D:1      | 0 ||| qw: Lair rune preference: random
     0 | D:1      | 0 ||| qw: Plans: Normal
     0 | D:1      | 0 ||| PLANNING D:1-11
    89 | D:1      | Reached XP level 2. HP: 16/16 MP: 4/4
   100 | D:1      | Reached skill level 6 in Ranged Weapons
   353 | D:1      | Found a faded altar of an unknown god.
   393 | D:1      | 393 ||| FLEEEEING.
   394 | D:1      | 394 ||| FLEEEEING.
   395 | D:1      | 395 ||| FLEEEEING.
   675 | D:1      | 675 ||| UPGRADING to +0 ring mail.
   685 | D:1      | 685 ||| DROPPING +0 leather armour.
   686 | D:1      | 686 ||| READING scroll labelled CUMAUPA MIYRE.
   687 | D:1      | 687 ||| READING scroll labelled BIXELIVOEL.
   691 | D:1      | 691 ||| DROPPING scroll of butterflies.
   735 | D:2      | Reached XP level 3. HP: 20/20 MP: 5/5
   870 | D:2      | Reached skill level 7 in Ranged Weapons
  1179 | D:2      | 1179 ||| UPGRADING to +0 helmet.
  1184 | D:2      | 1184 ||| READING scroll labelled GISCHA QONIYMP.
  1285 | D:2      | 1285 ||| READING scroll labelled ITHRUTS JOME.
  1604 | D:3      | Noticed Sigmund
  1612 | D:3      | HP: 1/20 [something (9)]
  1613 | D:3      | Mangled by Sigmund

Levels and vault maps discovered:
D:1:      amcnicky_arrival_single_pillar, layout_loops_ring,
          ebering_ecumenical_altar_petrified, grunt_decor_cap,
          minmay_worlds_worst_comb
D:2:      layout_basic
D:3:      minmay_door_path, layout_basic, tso_oasis_becter,
          chequers_serial_rivers_micro_b, chequers_serial_rivers_micro_c,
          serial_bayou_crossing, uniq_sigmund

Skill      XL: |  1  2  3 |
---------------+----------+-----
Ranged Weapons | 6 7 |  7.3
Fighting       | |  1.5
Dodging        | |  2.4
Stealth        | |  1.2

Action                     || total
---------------------------++-------
   Fire: Shortbow          ||   111
    Use: Scroll            ||     4
 Armour: Leather armour    ||     3
         Ring mail         ||     9
  Dodge: Dodged            ||    26

Table legend:
 A = Non-vault XP
 B = Vault XP
 C = Vault XP percentage of total XP
 D = Non-vault monster count
 E = Vault monster count
 F = Vault count percentage of total count
                 A         B        C        D         E       F
            +---------+---------+-------+---------+---------+-------
      Total |      81 |       8 |   9.0 |      40 |       4 |   9.1
            +---------+---------+-------+---------+---------+-------
        D:1 |      31 |       8 |  20.5 |      19 |       4 |  17.4
        D:2 |      35 |       0 |   0.0 |      13 |       0 |   0.0
        D:3 |      15 |       0 |   0.0 |       8 |       0 |   0.0
            +---------+---------+-------+---------+---------+-------
